 Dungeon Crawl Stone Soup version 0.31-a0-574-g69dc8cc98e (webtiles) character file.

Game seed: 13897291581988884969

18046 Midn8 the Zephyrmancer (level 12, -13/101 HPs)
             Began as a Pale Draconian Venom Mage on Aug 18, 2023.
             Was a High Priest of Vehumet.
             Shot with a bolt by an orc warrior (19 damage)
             ... led by an orc warlord
             ... on level 2 of the Orcish Mines.
             The game lasted 00:43:28 (15028 turns).

Midn8 the Zephyrmancer (Pale Draconian Venom Mage) Turns: 15028, Time: 00:43:29

Health: -13/101    AC: 12    Str:  9    XL:     12   Next: 24%
Magic:  13/40      EV: 12    Int: 20    God:    Vehumet [*****.]
Gold:   1306       SH:  5    Dex: 18    Spells: 8/25 levels left

rFire   . . .        B - +10 whip of the Forest {elec, Contam rN+++ MP+9 Str-2}
rCold   . . .        R - +0 buckler
rNeg    + + +        (body armour unavailable)
rPois   .            (helmet restricted)
rElec   .            F - +2 cloak
rCorr   .            (no gloves)
SInv    .            D - +0 pair of boots
Will    .....        (no amulet)
Stlth   ++           m - ring of magical power
HPRegen 0.36/turn    t - +6 ring of dexterity
MPRegen 0.27/turn

%: no passive effects
@: short of breath
A: breathe steam, AC +8, unfitting armour, cold-blooded, steam resistance
a: Breathe Steam, Renounce Religion


You were on level 2 of the Orcish Mines.
You worshipped Vehumet.
Vehumet was extremely pleased with you.
You visited 2 branches of the dungeon, and saw 13 of its levels.

You collected 1306 gold pieces.

Inventory:

Hand Weapons
 b - a +0 short sword
 j - a +0 sling
 x - a +2 dagger of venom
 B - the +10 whip of the Forest (weapon) {elec, Contam rN+++ MP+9 Str-2}
   (You found it on level 5 of the Dungeon)

   Str-2:     It affects your strength (-2).
   rN+++:     It renders you almost immune to negative energy.
   MP+9:      It affects your magic capacity (+9).
   Contam:    It causes magical contamination when unequipped.
Missiles
 i - a throwing net
 O - 5 curare-tipped darts
Armour
 D - a +0 pair of boots (worn)
 F - a +2 cloak (worn)
 R - a +0 buckler (worn)
Jewellery
 m - a ring of magical power (left hand)
 t - a +6 ring of dexterity (right hand)
 G - a ring of willpower
Talismans
 q - a flux talisman
 C - a maw talisman
Wands
 u - a wand of polymorph (3)
 J - a wand of digging (12)
 M - a wand of flame (36)
 Q - a wand of roots (9)
Scrolls
 c - a scroll of poison
 d - a scroll of butterflies
 g - a scroll of blinking
 h - a scroll of vulnerability
 k - 2 scrolls of teleportation
 o - 3 scrolls of enchant weapon
 s - a scroll of fear
 y - a scroll of revelation {unknown}
 z - a scroll of silence
 E - a scroll of immolation
 H - a scroll of fog {unknown}
 I - a scroll of brand weapon {unknown}
 K - a scroll of torment {unknown}
Potions
 a - a potion of magic
 e - 2 potions of invisibility
 f - 2 potions of brilliance
 l - 4 potions of heal wounds
 n - 3 potions of lignification
 p - 2 potions of berserk rage
 r - a potion of resistance
 v - 2 potions of attraction
 w - 2 potions of curing
 A - 2 potions of might {unknown}
 L - a potion of degeneration {unknown}
 N - 2 potions of enlightenment {unknown}
 P - a potion of ambrosia {unknown}
 S - a potion of mutation {unknown}


   Skills:
 - Level 8.0 Fighting
 - Level 4.0 Maces & Flails
 - Level 1.7 Dodging
 - Level 1.7 Stealth
 - Level 4.0 Shields
 - Level 7.0 Spellcasting
 - Level 10.0 Conjurations
 - Level 1.0 Transmutations
 + Level 11.7 Air Magic
 - Level 8.0 Poison Magic
 - Level 2.7 Evocations


You had 8 spell levels left.
You knew the following spells:

 Your Spells              Type           Power      Damage    Failure   Level
a - Sting                 Tmut/Pois      100%       1d8       2%          1
b - Conjure Ball Lightni  Conj/Air       25%        3x3d7     7%          6
g - Olgreb's Toxic Radia  Pois           39%        N/A       1%          4
r - Airstrike             Air            26%        2d(4-20)  1%          4
v - Poisonous Vapours     Pois/Air       92%        N/A       1%          2

Your spell library contained the following spells:

 Spells                   Type           Power      Damage    Failure   Level
 Arcjolt                  Conj/Air       25%        1d35      1%          5
 Foxfire                  Conj/Fire      100%       2x1d9     1%          1
 Magic Dart               Conj           100%       1d8       1%          1
 Static Discharge         Conj/Air       100%       2-7/arc   1%          2
 Mephitic Cloud           Conj/Pois/Air  46%        N/A       1%          3
 Iskenderun's Battlesphe  Conj           47%        2d10      1%          5
 Fulminant Prism          Conj/Hex       13%        3d8       4%          4
 Iskenderun's Mystic Bla  Conj/Tloc      27%        2d7       4%          4
 Volatile Blastmotes      Fire/Tloc      14%        2d11      11%         3
 Summon Lightning Spire   Summ/Air       30%        N/A       12%         4
 Fireball                 Conj/Fire      13%        3d7       13%         5
 Call Imp                 Summ           14%        N/A       21%         2
 Call Canine Familiar     Summ           7%         N/A       38%         3
 Portal Projectile        Hex/Tloc       14%        N/A       38%         3
 Tukima's Dance           Hex            7%         N/A       38%         3
 Plasma Beam              Fire/Air       15%        2x1d26    41%         6
 Orb of Destruction       Conj           23%        9d8       41%         7
 Starburst                Conj/Fire      13%        6d6       54%         6
 Leda's Liquefaction      Hex/Erth       3%         N/A       80%         4
 Summon Forest            Summ/Tloc      3%         N/A       98%         5
 Summon Mana Viper        Hex/Summ       7%         N/A       98%         5
 Summon Cactus Giant      Summ           3%         N/A       100%        6


Dungeon Overview and Level Annotations

Branches:
Dungeon (11/15)            Temple (0/1) D:4            Lair (0/5) D:11
    Orc (2/2) D:9             Elf (0/3) Orc:2

Altars:
Hepliaklqana
Okawaru
Sif Muna
Uskayaw
Vehumet
Wu Jian
Yredelemnul

Shops:
D:7 (   D:9 (*:   D:11 *

Annotations:
D:2 1 exclusion, Sigmund
D:6 Maggie
Orc:2 3 runed translucent doors, 1 exclusion, pascalblue's ghost, journeyman GrMo


Innate Abilities, Weirdness & Mutations

You can breathe blasts of scalding, opaque steam.
Your pale cyan-grey scales are hard. (AC +8)
You cannot fit into any form of body armour.
You are cold-blooded and may be slowed by cold attacks.
You are immune to the effects of steam.


Message History

You create some ball lightning! 3 ball lightnings come into view.
Unknown command.
Your ball lightning explodes!
The blast of lightning engulfs your ball lightning.
Your ball lightning completely resists.
The blast of lightning engulfs the orc warlord.
The orc warlord is severely wounded.
Your ball lightning explodes!
The blast of lightning engulfs you!
The blast of lightning engulfs the orc warlord!
The orc warlord is almost dead.
Your ball lightning explodes!
The blast of lightning engulfs you!
The blast of lightning engulfs the orc warlord!
The orc warlord is almost dead.
The orc warrior puts on a burst of speed as it pursues you!
The orc warlord hits you with a +0 war axe!
* * * LOW HITPOINT WARNING * * *
Unknown command.
Casting: Conjure Ball Lightning (dangerous; 7% risk of failure)
Confirm with . or Enter, or press ? or * to list all spells.
You create some ball lightning! 3 ball lightnings come into view.
The orc warlord hits you with a +0 war axe.
* * * LOW HITPOINT WARNING * * *
Unknown command.
Your ball lightning explodes!
The blast of lightning engulfs your ball lightning.
Your ball lightning completely resists.
The blast of lightning engulfs your ball lightning.
Your ball lightning completely resists.
The blast of lightning engulfs you!!
* * * LOW HITPOINT WARNING * * *
The blast of lightning engulfs the orc warlord!
You kill the orc warlord!
Vehumet accepts your kill.
You feel your power returning.
The orc warrior shoots a bolt.
The bolt hits you!!
You die...

###### #################
##.##.#### ###..#.##.#....##.. #
##........###..................
###..........#...................
#.#...)..........................
..........#......................
..........)......................
...)#........§§......#....)......
.)...........§.§@................
.............**..........)..)....
...............)...).............
...................)........)).).
.......................).........
..............o).................
.#..............o................
^##..............................
..............)..................


You could see 2 orc warriors and 2 friendly ball lightnings.

Vanquished Creatures
  An orc warlord (Orc:2)
  An ettin (Orc:1)
  Josephine (D:10)
  Erica (D:9)
  4 two-headed ogres
  An orc high priest (Orc:2)
  2 orc knights
  2 orc sorcerers (Orc:2)
  A manticore (D:11)
  Joseph (D:7)
  2 unseen horrors
  6 trolls
  A shadow (D:11)
  A wyvern (D:8)
  A water elemental (D:11)
  6 wraiths
  9 yaks
  A warg (Orc:2)
  Menkaure (D:5)
  2 water moccasins
  17 orc warriors
  A black bear (D:4)
  5 ogres (Orc:2)
  4 wolves (D:11)
  4 centaurs
  A lemure (D:4)
  A kobold brigand (D:8)
  2 phantoms
  5 bullfrogs
  2 scorpions (D:7)
  2 gnoll sergeants (D:9)
  7 wights
  9 killer bees
  6 howler monkeys
  4 electric eels (D:11)
  A hound (D:11)
  A gnoll bouda (D:9)
  17 orc priests
  Crazy Yiuf (D:5)
  4 iguanas
  Ijyb (D:4)
  20 orc wizards
  16 gnolls
  8 adders
  A shadow imp (D:7)
  A white imp (D:8)
  A worm (D:2)
  2 dart slugs
  73 orcs
  5 endoplasms
  4 giant cockroaches
  3 goblins
  5 hobgoblins
  8 jackals
  12 kobolds
  4 quokkas
  7 ball pythons
  8 bats
  2 frilled lizards
  2 rats (D:2)
322 creatures vanquished.

Vanquished Creatures (others)
  51 ball lightnings
51 creatures vanquished.

Grand Total: 373 creatures vanquished

Notes
Turn   | Place    | Note
-------+----------+-------------------------------------------
     0 | D:1      | Midn8 the Draconian Venom Mage began the quest for the Orb.
     0 | D:1      | Reached XP level 1. HP: 14/14 MP: 3/3
   417 | D:1      | Reached XP level 2. HP: 20/20 MP: 3/5
  1024 | D:1      | Learned a level 2 spell: Poisonous Vapours
  1404 | D:2      | Reached XP level 3. HP: 25/26 MP: 1/7
  1523 | D:2      | Reached skill level 1 in Air Magic
  2228 | D:2      | Reached skill level 2 in Air Magic
  2586 | D:2      | Noticed Sigmund
  2855 | D:3      | Reached XP level 4. HP: 33/33 MP: 9/9
  3376 | D:3      | Found a faded altar of an unknown god.
  3379 | D:3      | Prayed at the altar of an unknown god.
  3379 | D:3      | Became a worshipper of Vehumet
  3379 | D:3      | Reached * piety under Vehumet
  3379 | D:3      | Offered knowledge of Shock by Vehumet.
  3987 | D:3      | Found a hazy altar of Hepliaklqana.
  4018 | D:3      | Found a hide-covered altar of Uskayaw.
  4130 | D:4      | Noticed a phantom
  4184 | D:3      | Killed a phantom
  4185 | D:3      | Reached XP level 5. HP: 3/38 MP: 0/11
  4327 | D:4      | Noticed Ijyb
  4338 | D:4      | Killed Ijyb
  4433 | D:4      | Learned a level 4 spell: Olgreb's Toxic Radiance
  4465 | D:4      | Found a shimmering blue altar of Sif Muna.
  4558 | D:4      | Found a staircase to the Ecumenical Temple.
  4785 | D:4      | Noticed a black bear
  4811 | D:4      | Killed a black bear
  4812 | D:4      | Reached skill level 5 in Poison Magic
  4812 | D:4      | Reached XP level 6. HP: 29/45 MP: 2/12
  5179 | D:4      | Found a radiant altar of Vehumet.
  5304 | D:5      | Entered Level 5 of the Dungeon
  5607 | D:5      | Identified the +10 whip of the Forest {elec, Contam rN+++
                  | MP+9 Str-2}
  6102 | D:5      | Your scales start taking on a pale cyan-grey colour.
  6102 | D:5      | Reached XP level 7. HP: 50/50 MP: 13/13
  6102 | D:5      | Gained mutation: You are immune to the effects of steam.
                  | [Pale Draconian growth]
  6289 | D:5      | Found an iron altar of Okawaru.
  6375 | D:5      | Noticed Menkaure
  6411 | D:5      | Reached skill level 1 in Fighting
  6428 | D:5      | Killed Menkaure
  6512 | D:5      | Found a runed translucent door.
  6513 | D:5      | Noticed Crazy Yiuf
  6518 | D:5      | Killed Crazy Yiuf
  6519 | D:5      | Reached skill level 1 in Maces & Flails
  6578 | D:6      | Reached ** piety under Vehumet
  6578 | D:6      | Offered knowledge of Foxfire by Vehumet.
  6776 | D:6      | Reached XP level 8. HP: 66/66 MP: 14/14
  6815 | D:6      | Found an ornate altar of the Wu Jian Council.
  6991 | D:6      | Noticed Maggie
  7919 | D:7      | Found Nagosoq's Weapon Emporium.
  7937 | D:7      | Learned a level 4 spell: Airstrike
  7966 | D:7      | Reached skill level 3 in Air Magic
  8156 | D:7      | Reached skill level 4 in Air Magic
  8271 | D:7      | Reached skill level 5 in Air Magic
  8279 | D:7      | Noticed Joseph
  8282 | D:7      | Offered knowledge of Scorch by Vehumet.
  8283 | D:7      | Reached skill level 6 in Air Magic
  8299 | D:7      | Killed Joseph
  8300 | D:7      | Reached skill level 7 in Air Magic
  8300 | D:7      | Reached XP level 9. HP: 39/71 MP: 15/15
  8613 | D:7      | Found a basalt altar of Yredelemnul.
  8670 | D:8      | Reached skill level 8 in Air Magic
  8762 | D:8      | Noticed a two-headed ogre
  8780 | D:8      | Reached *** piety under Vehumet
  8787 | D:8      | Reached skill level 5 in Fighting
  8838 | D:8      | Identified the +0 leather armour "Mod Amets" {Rampage rElec
                  | rC- Int+3}
  8841 | D:8      | Killed a two-headed ogre
  8842 | D:8      | Reached skill level 5 in Spellcasting
  9530 | D:9      | Noticed Erica
  9565 | D:9      | Killed Erica
  9566 | D:9      | Reached XP level 10. HP: 83/83 MP: 20/20
  9598 | D:9      | Learned a level 6 spell: Conjure Ball Lightning
  9606 | D:9      | Reached skill level 1 in Conjurations
  9710 | D:9      | Offered knowledge of Sticky Flame by Vehumet.
  9768 | D:9      | Found Guludo's Assorted Antiques.
  9770 | D:9      | Found Ewkuuzy's Book Emporium.
  9770 | D:9      | Found Waacyus's Weapon Emporium.
 10179 | D:9      | Found a staircase to the Orcish Mines.
 10204 | D:9      | Reached **** piety under Vehumet
 10224 | D:9      | Reached skill level 5 in Conjurations
 10357 | D:9      | Offered knowledge of Yara's Violent Unravelling by Vehumet.
 10478 | D:10     | Entered Level 10 of the Dungeon
 10526 | D:10     | Noticed Josephine
 10531 | D:10     | Killed Josephine
 10723 | D:10     | Noticed a two-headed ogre
 10735 | D:10     | Killed a two-headed ogre
 10755 | D:10     | Reached XP level 11. HP: 89/89 MP: 21/21
 10864 | D:10     | Noticed a two-headed ogre
 10883 | D:10     | Killed a two-headed ogre
 11306 | D:10     | Noticed a two-headed ogre
 11313 | D:10     | Killed a two-headed ogre
 11314 | D:10     | Reached skill level 9 in Air Magic
 12286 | D:11     | Found a staircase to the Lair.
 12387 | D:11     | Reached skill level 10 in Air Magic
 12790 | D:11     | Found Puroewet's Assorted Antiques.
 12842 | D:11     | Reached skill level 10 in Conjurations
 13067 | Orc:1    | Entered Level 1 of the Orcish Mines
 13067 | Orc:1    | Noticed an orc knight
 13075 | Orc:1    | Killed an orc knight
 13277 | Orc:1    | Reached skill level 11 in Air Magic
 13288 | Orc:1    | Noticed an ettin
 13294 | Orc:1    | Killed an ettin
 13587 | Orc:2    | Entered Level 2 of the Orcish Mines
 13596 | Orc:2    | Reached ***** piety under Vehumet
 14017 | Orc:2    | Found a staircase to the Elven Halls.
 14108 | Orc:2    | Found a runed translucent gate.
 14109 | Orc:2    | Found a runed translucent gate.
 14109 | Orc:2    | Found a runed translucent gate.
 14112 | Orc:2    | Noticed pascalblue's ghost (journeyman GrMo)
 14116 | Orc:2    | Noticed an orc high priest
 14124 | Orc:2    | Noticed an orc sorcerer
 14133 | Orc:2    | Paralysed by an orc sorcerer for 4 turns
 14134 | Orc:2    | Killed an orc high priest
 14140 | Orc:2    | Killed an orc sorcerer
 14141 | Orc:2    | Reached skill level 1 in Shields
 14141 | Orc:2    | Reached XP level 12. HP: 69/101 MP: 22/22
 14354 | Orc:2    | Offered knowledge of Arcjolt by Vehumet.
 15009 | Orc:2    | Noticed an orc warlord
 15028 | Orc:2    | Killed an orc warlord
 15028 | Orc:2    | Shot with a bolt by an orc warrior

Illustrated notes

Levels and vault maps discovered:
D:1:      dpeg_arrival_round_a, layout_basic, serial_bayou_lagoon_a,
          corexii_corridor_pit, minmay_tall_x
D:2:      layout_basic, uniq_sigmund
D:3:      layout_loops_ring, mainiacjoe_overflow_two_lobes,
          shapermc_ecumenical_altar_mp_vishouse
D:4:      layout_loops_ring, lemuel_doored_altar, kennysheep_little_box,
          minmay_temple_entry_statues_pillars, uniq_ijyb
D:5:      layout_basic, lemuel_tele_altar, nicolae_the_louvre, uniq_menkaure,
          uniq_crazy_yiuf_cottage, uniq_pikel
D:6:      layout_basic, nicolae_overflow_crystal_walls, uniq_maggie
D:7:      layout_rooms, mainiacjoe_overflow_alcove_2, serial_shops,
          nicolae_shop_tiny_waterfront, uniq_joseph
D:8:      layout_basic, minmay_misc_feat_diagonals
D:9:      layout_rooms, hiddenorc2_lemuel, nicolae_shop_distant_corner_stores,
          uniq_erica
D:10:     layout_gridville, serial_co_window_serial, co_window_corner_a,
          co_window_corner_a, co_window_paths_b, co_window_corner_a,
          co_window_corner_a, co_window_paths_b, co_window_of_opportunity_a,
          co_window_corner_a, co_window_paths_b, co_window_2corner,
          co_window_broadway_b, co_window_broadway_a, co_window_cross_2,
          co_window_2corner, co_window_corner_b, glass_columns_a, uniq_josephine
D:11:     layout_stronghold, erik_lair_island, serial_shops, shop
Orc:1:    layout_caves, serial_shops, nicolae_shop_statue_plus,
          nicolae_specific_store, nicolae_orc_pool_cavern,
          nicolae_shop_firing_range
Orc:2:    grunt_orc_cross, layout_diamond_mine, ebering_ghost_rock_garden

Skill      XL: |  1  2  3  4  5  6  7  8  9 10 11 12 |
---------------+-------------------------------------+-----
Spellcasting   | 3 4 7 |  7.0
Air Magic      | 2 7 8 11 | 11.7
Poison Magic   | 4 5 6 7 8 |  8.0
Fighting       | 4 6 8 |  8.0
Maces & Flails | 3 4 |  4.0
Evocations     | 2 |  2.7
Conjurations   | 8 10 | 10.0
Shields        | 1 4 |  4.0
Dodging        | |  1.7
Stealth        | |  1.7
Transmutations | |  1.0

Action                     |  1- 3 |  4- 6 |  7- 9 | 10-12 || total
---------------------------+-------+-------+-------+-------++-------
  Melee: Short sword       |    21 |    24 |       |       ||    45
         Tailslap          |     2 |     8 |     1 |     7 ||    18
         Dagger            |       |    14 |       |       ||    14
         Whip              |       |     6 |    31 |    47 ||    84
         Punch             |       |     1 |       |       ||     1
   Fire: Sling             |    15 |    31 |       |       ||    46
   Cast: Sting             |    69 |    87 |    30 |     7 ||   193
         Poisonous Vapours |     2 |    38 |    11 |     7 ||    58
         Olgreb's Toxic Ra |       |     1 |    29 |   112 ||   142
         Airstrike         |       |       |       |    18 ||    18
         Conjure Ball Ligh |       |       |       |    21 ||    21
Ability: Breathe Steam     |       |       |    24 |    36 ||    60
    Use: Scroll            |       |    10 |     4 |     8 ||    22
         Potion            |       |       |       |     1 ||     1
 Armour: Skin              |    13 |    36 |    17 |    27 ||    93
  Dodge: Dodged            |    32 |    71 |    47 |    36 ||   186
  Block: Buckler           |       |       |       |     7 ||     7

Table legend: (Time is in decaauts)
 A = Elapsed time spent in this place.
 B = Non-inter-level travel time spent in this place.
 C = Inter-level travel time spent in this place.
 D = Time resting spent in this place.
 E = Time spent auto-exploring this place.
 F = Levels seen in this place.
 G = Mean time per level.
                   A        B        C        D        E       F      G
               +--------+--------+--------+--------+--------+-----+--------+
         Total |  15080 |  14220 |    860 |   4655 |   7124 |  13 | 1160.0 |
       Dungeon |  13119 |  12267 |    852 |   3743 |   6476 |  11 | 1192.6 |
  Orcish Mines |   1961 |   1953 |      8 |    912 |    648 |   2 |  980.5 |
               +--------+--------+--------+--------+--------+-----+--------+

Top non-repeatable levels by time:
     D:2: 1506 daAuts
     D:3: 1468 daAuts
    D:10: 1394 daAuts
   Orc:2: 1361 daAuts
     D:1: 1348 daAuts
     D:5: 1209 daAuts
    D:11: 1181 daAuts
     D:6: 1131 daAuts
     D:4: 1087 daAuts
     D:7: 994 daAuts
     D:8: 909 daAuts
     D:9: 889 daAuts
   Orc:1: 600 daAuts
